[Event "ICC tourney 2248 (120 10)"]
[Site "Internet Chess Club"]
[Date "2020.12.27"]
[Round "4"]
[White "HPenguin"]
[Black "kittycat35"]
[Result "1-0"]
[ICCResult "Black resigns"]
[WhiteElo "1819"]
[BlackElo "1724"]
[Opening "Scotch: Schmidt variation"]
[ECO "C45"]
[NIC "SO.04"]
[Time "17:18:02"]
[PlyCount "101"]
[TimeControl "7200+10"]

1. e4 e5 2. Nf3 Nc6 3. d4 exd4 4. Nxd4 Nf6 5. Nxc6 dxc6 6. Qxd8+ Kxd8 7. f3
h6 8. Bc4 Ke8 9. Be3 Nd7 10. Nd2 Bc5 11. Bxc5 Nxc5 12. O-O-O Be6 13. Bxe6
Nxe6 14. Nc4 Ke7 15. Na5 Nd8 16. Rd2 b6 17. Nc4 f6 18. Ne3 g6 19. Rhd1 Ke6
20. Rd7 Nf7 21. Rxc7 Rhc8 22. Rcd7 Rd8 23. Rxd8 Nxd8 24. h4 h5 25. Kd2 Nf7
26. Ke2 Nd6 27. c4 f5 28. exf5+ gxf5 29. g3 Rf8 30. Ng2 Kd7 31. Nf4 Rh8 32.
Kf2 Kc7 33. c5 bxc5 34. Ne6+ Kd7 35. Nxc5+ Ke7 36. Re1+ Kf7 37. Nd3 Kf6 38.
Rc1 Rc8 39. Nf4 Nb5 40. Nxh5+ Ke5 41. Rc5+ Ke6 42. Ng7+ Kf6 43. Nxf5 a6 44.
g4 Rc7 45. h5 Na7 46. h6 Kg6 47. Ra5 Rb7 48. Rxa6 Rxb2+ 49. Kg3 Rb7 50. Ra4
Nb5 51. Re4 { Black resigns } 1-0

[Event "ICC tourney 2248 (120 10)"]
[Site "Internet Chess Club"]
[Date "2020.12.27"]
[Round "4"]
[White "abelMZ084"]
[Black "MikeWMason"]
[Result "0-1"]
[ICCResult "White resigns"]
[WhiteElo "1667"]
[BlackElo "1761"]
[Opening "Torre attack (Tartakower variation)"]
[ECO "D03"]
[NIC "QP.08"]
[Time "17:17:48"]
[PlyCount "86"]
[TimeControl "7200+10"]

1. d4 d5 2. Nf3 Nf6 3. Bg5 e6 4. e3 Be7 5. Bd3 Nbd7 6. Nbd2 c6 7. O-O Qc7
8. Re1 e5 9. dxe5 Nxe5 10. Nxe5 Qxe5 11. Bf4 Qh5 12. Qxh5 Nxh5 13. Be5 O-O
14. c4 Bb4 15. Red1 Re8 16. Bc3 Bxc3 17. bxc3 Nf6 18. Nb3 Be6 19. c5 b6 20.
a4 Nd7 21. cxb6 axb6 22. Nd4 Rec8 23. Nf5 Kf8 24. Nd6 Rd8 25. Nf5 Nc5 26.
Nd4 Bd7 27. Bc2 Ra6 28. Ra3 Rda8 29. Rda1 b5 30. a5 Nb7 31. Bd3 Rxa5 32.
Rxa5 Rxa5 33. Rxa5 Nxa5 34. e4 dxe4 35. Bxe4 c5 36. Nc2 g6 37. Kf1 Ke7 38.
Ke2 Kd6 39. f4 Bc6 40. Ke3 Nc4+ 41. Kd3 Nb2+ 42. Ke3 Nd1+ 43. Kd3 Nf2+ {
White resigns } 0-1

[Event "ICC tourney 2248 (120 10)"]
[Site "Internet Chess Club"]
[Date "2020.12.27"]
[Round "4"]
[White "rcww2020"]
[Black "steinutz"]
[Result "1-0"]
[ICCResult "Black resigns"]
[WhiteElo "1640"]
[BlackElo "1756"]
[Opening "Scandinavian: Pytel-Wade variation"]
[ECO "B01"]
[NIC "SD.02"]
[Time "17:18:03"]
[PlyCount "193"]
[TimeControl "7200+10"]

1. e4 d5 2. exd5 Qxd5 3. Nc3 Qd6 4. Nf3 c6 5. Bc4 Nf6 6. O-O Bf5 7. d3 e6
8. h3 Nbd7 9. Re1 Be7 10. Qe2 h6 11. Bd2 O-O 12. Rad1 Rfe8 13. Ne5 Nxe5 14.
Qxe5 Nd7 15. Qxd6 Bxd6 16. Ne4 Bc7 17. Bb4 a5 18. Bd6 Rec8 19. a3 Bg6 20.
Bxc7 Rxc7 21. Rd2 Rd8 22. Ng3 Nb6 23. Bb3 Nd5 24. Red1 Nf6 25. d4 Rcd7 26.
c3 b5 27. f3 a4 28. Ba2 c5 29. Kf2 c4 30. Re2 Kf8 31. Bb1 Bxb1 32. Rxb1 Nd5
33. Ne4 Nf4 34. Nc5 Rd5 35. Re3 h5 36. Kg3 Ng6 37. f4 Ne7 38. Re5 Nf5+ 39.
Kf2 h4 40. Rbe1 g6 41. Rxd5 Rxd5 42. Re5 Ke7 43. Ne4 f6 44. Rxd5 exd5 45.
Nd2 Nd6 46. Nf3 Nf5 47. Nd2 Ke6 48. Nf1 Nd6 49. Kf3 f5 50. Ne3 Ne4 51. Nc2
Nd2+ 52. Ke2 Ne4 53. Nb4 Ng3+ 54. Kf3 Ne4 55. Na6 Kd7 56. Ke3 Nd6 57. Nc5+
Ke7 58. Na6 Kd7 59. Nb4 Ke6 60. Nc2 Ne4 61. Ne1 Kd6 62. Nf3 Ke6 63. Nxh4
Ng3 64. Nf3 Nh5 65. Ne5 Kf6 66. Kf3 Ng7 67. Nd7+ Ke7 68. Nc5 Ne8 69. g4 Nd6
70. Na6 Kd7 71. Nb4 Ke6 72. gxf5+ Nxf5 73. Kg4 Ne3+ 74. Kg5 Kf7 75. Na6 Nd1
76. Nc7 Nxb2 77. Nxb5 Nd1 78. f5 gxf5 79. Kxf5 Nf2 80. Ke5 Nxh3 81. Kxd5
Nf4+ 82. Kxc4 Ke6 83. Kb4 Kd5 84. Kxa4 Kc4 85. Ka5 Nd5 86. a4 Ne7 87. Kb6
Nd5+ 88. Kc6 Ne7+ 89. Kb7 Nd5 90. a5 Kxb5 91. a6 Nb6 92. a7 Ka5 93. a8=Q+
Nxa8 94. Kxa8 Kb5 95. Kb7 Kc4 96. Kc6 Kxc3 97. d5 { Black resigns } 1-0

[Event "ICC tourney 2248 (120 10)"]
[Site "Internet Chess Club"]
[Date "2020.12.27"]
[Round "4"]
[White "Cooliguess"]
[Black "iamvoltu"]
[Result "1/2-1/2"]
[ICCResult "Game drawn because neither player has mating material"]
[WhiteElo "1750"]
[BlackElo "1600"]
[Opening "QGD semi-Slav"]
[ECO "D43"]
[NIC "SL.01"]
[Time "17:18:30"]
[PlyCount "235"]
[TimeControl "7200+10"]

1. d4 c6 2. c4 d5 3. Nf3 e6 4. Nc3 Nf6 5. Bf4 Nbd7 6. e3 Be7 7. Bd3 dxc4 8.
Bxc4 O-O 9. h3 b5 10. Bd3 a5 11. O-O Bb7 12. e4 b4 13. Ne2 c5 14. e5 Nd5
15. Bh2 cxd4 16. Nexd4 Qb6 17. Re1 Bc5 18. Qd2 Rfc8 19. Re4 a4 20. Rg4 g6
21. Rh4 Nf8 22. Bg3 a3 23. b3 Nc3 24. Qh6 Bxd4 25. Nxd4 Rd8 26. Qe3 Rac8
27. Rg4 Be4 28. Bxe4 Qxd4 29. Qxd4 Rxd4 30. Bb7 Ne2+ 31. Kh2 Rxg4 32. Bxc8
Re4 33. f3 Rd4 34. Be1 g5 35. Ba6 Nc3 36. Bxc3 bxc3 37. Rc1 Rd2 38. Rxc3
Rxa2 39. b4 Ng6 40. b5 Nh4 41. b6 Rxg2+ 42. Kh1 a2 43. Ra3 Rb2 44. b7 Nxf3
45. b8=Q+ Rxb8 46. Rxa2 Nxe5 47. Ra5 f6 48. Bb5 Rd8 49. Ra6 Kf7 50. Ra7+
Kg6 51. Re7 Rd6 52. Be8+ Kh6 53. Kg2 Ng6 54. Rf7 Rd2+ 55. Kg3 Rd3+ 56. Kh2
Rf3 57. Kg2 Nh4+ 58. Kh2 e5 59. Bc6 Rf4 60. Rd7 Nf3+ 61. Kg3 Nd4 62. Ba8
Nf5+ 63. Kh2 e4 64. Rd8 e3 65. Re8 Nd6 66. Rxe3 Kh5 67. Re7 h6 68. Re6 Nc4
69. Kg3 Nd2 70. Re1 f5 71. Bd5 Ne4+ 72. Kg2 Rf2+ 73. Kg1 Rf3 74. Bxe4 fxe4
75. Kg2 Rf4 76. Re3 Kh4 77. Re2 g4 78. hxg4 Kxg4 79. Re3 h5 80. Rg3+ Kf5
81. Re3 h4 82. Ra3 Kg4 83. Re3 Kf5 84. Ra3 Rg4+ 85. Kf2 Kf4 86. Rh3 Ke5 87.
Ke2 Kd4 88. Kf2 Rf4+ 89. Ke2 Ke5 90. Rh2 Kf5 91. Rh1 Kg4 92. Ke3 Kg3 93.
Rg1+ Kh2 94. Rg6 Rf3+ 95. Kxe4 Rg3 96. Ra6 h3 97. Kf4 Rg2 98. Kf3 Kh1 99.
Rh6 h2 100. Ra6 Rg7 101. Ra2 Rf7+ 102. Kg3 Rg7+ 103. Kf3 Rg1 104. Rb2 Rf1+
105. Kg3 Rg1+ 106. Kf3 Ra1 107. Kg3 Ra3+ 108. Kf2 Ra1 109. Kg3 Rg1+ 110.
Kf3 Rg8 111. Rc2 Rg7 112. Rb2 Rf7+ 113. Kg3 Rg7+ 114. Kf3 Rf7+ 115. Kg3 Kg1
116. Rb1+ Rf1 117. Rxf1+ Kxf1 118. Kxh2 { Game drawn because neither player
has mating material } 1/2-1/2

[Event "ICC tourney 2248 (120 10)"]
[Site "Internet Chess Club"]
[Date "2020.12.27"]
[Round "4"]
[White "Averyyu321"]
[Black "nboad"]
[Result "1/2-1/2"]
[ICCResult "Game drawn by mutual agreement"]
[WhiteElo "1739"]
[BlackElo "1872"]
[Opening "Sicilian: Nimzovich-Rossolimo attack (without ...d6)"]
[ECO "B30"]
[NIC "SI.31"]
[Time "17:17:41"]
[PlyCount "191"]
[TimeControl "7200+10"]

1. e4 c5 2. Nf3 Nc6 3. Bb5 e6 4. Bxc6 bxc6 5. d3 Ne7 6. Nc3 d5 7. O-O Ng6
8. Re1 Be7 9. Ne2 Ba6 10. Ng3 c4 11. d4 O-O 12. c3 Rb8 13. h3 Qa5 14. Nh2
Rfd8 15. Qc2 c5 16. Be3 cxd4 17. Bxd4 Rb7 18. e5 Nf4 19. b3 Nd3 20. Red1
Qc7 21. Nf3 Bb5 22. b4 a6 23. a4 Bc6 24. Rd2 Qd7 25. a5 Rdb8 26. Ne1 Nxb4
27. cxb4 Bxb4 28. Rdd1 Qc7 29. Qa2 Rb5 30. Nc2 Rxa5 31. Qb2 Ba4 32. Rdb1
Bxc2 33. Qxc2 Rxa1 34. Rxa1 a5 35. Bc3 Qc5 36. Ne2 Bxc3 37. Qxc3 Qb4 38.
Rxa5 Qxc3 39. Nxc3 d4 40. Ne4 c3 41. Rc5 f5 42. exf6 gxf6 43. Nxf6+ Kf7 44.
Ne4 Rb2 45. Nxc3 dxc3 46. Rxc3 Kf6 47. Rf3+ Kg6 48. Kh2 h6 49. Kg3 Rb4 50.
Rf4 Rb3+ 51. f3 Rb2 52. Rg4+ Kf6 53. Kh4 Rb5 54. Rf4+ Kg6 55. g4 Rb3 56.
Kg3 Ra3 57. h4 Rb3 58. h5+ Kg7 59. Re4 Kf6 60. Kf4 Ra3 61. Kg3 Rb3 62. Rf4+
Kg7 63. Kh4 Ra3 64. g5 hxg5+ 65. Kxg5 Ra5+ 66. Kg4 Ra1 67. Re4 Kf6 68. Kg3
Rg1+ 69. Kh2 Ra1 70. h6 Kg6 71. Rxe6+ Kh7 72. f4 Ra3 73. f5 Rf3 74. Rf6 Ra3
75. Kg2 Rb3 76. Re6 Ra3 77. Rd6 Ra5 78. Rf6 Ra3 79. Rd6 Ra5 80. f6 Kxh6 81.
Kg3 Kg6 82. Kg4 Ra4+ 83. Kg3 Ra3+ 84. Kf4 Kf7 85. Ke5 Ra5+ 86. Kf4 Ra1 87.
Kg5 Rg1+ 88. Kf5 Rf1+ 89. Ke5 Re1+ 90. Kf5 Rf1+ 91. Kg5 Rg1+ 92. Kh4 Rh1+
93. Kg3 Rf1 94. Rd7+ Kxf6 95. Rd8 Ra1 96. Rd6+ { Game drawn by mutual
agreement } 1/2-1/2

[Event "ICC tourney 2248 (120 10)"]
[Site "Internet Chess Club"]
[Date "2020.12.27"]
[Round "4"]
[White "GrandWizard"]
[Black "cruiseship"]
[Result "1/2-1/2"]
[ICCResult "Game drawn by repetition"]
[WhiteElo "1806"]
[BlackElo "1716"]
[Opening "King's Indian: Four pawns attack, dynamic line"]
[ECO "E76"]
[NIC "KI.31"]
[Time "17:18:17"]
[PlyCount "156"]
[TimeControl "7200+10"]

1. d4 Nf6 2. c4 g6 3. Nc3 Bg7 4. e4 d6 5. f4 O-O 6. Nf3 c5 7. d5 e6 8. Bd3
Na6 9. Be3 Re8 10. O-O Nc7 11. Qd2 b5 12. Rae1 exd5 13. exd5 bxc4 14. Bxc4
Ng4 15. h3 Nxe3 16. Rxe3 Rxe3 17. Qxe3 Rb8 18. b3 Ba6 19. Bxa6 Nxa6 20. f5
Nb4 21. fxg6 hxg6 22. a3 Bxc3 23. Qxc3 Nxd5 24. Qd3 Nf4 25. Qc4 Ne6 26. Re1
d5 27. Qg4 Qf6 28. Qa4 Qb2 29. Qd7 Nf4 30. Qg4 Nd3 31. Qg3 Rf8 32. Re7 Qxa3
33. Ng5 Qc1+ 34. Kh2 Qf4 35. Qxf4 Nxf4 36. Rxa7 f6 37. Nf3 Re8 38. h4 Re3
39. Rc7 Rc3 40. Kg3 Nd3 41. Rb7 d4 42. h5 g5 43. Kg4 Ne5+ 44. Nxe5 fxe5 45.
Kf5 d3 46. Kg6 Kf8 47. h6 Rc1 48. h7 Rh1 49. Rf7+ Ke8 50. Rf5 e4 51. Re5+
Kd7 52. Rxc5 Kd6 53. Rc8 Ke5 54. h8=Q+ Rxh8 55. Rxh8 e3 56. Re8+ Kd4 57. b4
d2 58. b5 Kc5 59. Re5+ Kd6 60. Rxe3 d1=Q 61. Rg3 Qb1+ 62. Kh5 Qxb5 63. Rxg5
Qe2+ 64. g4 Ke6 65. Rf5 Qe4 66. Kg5 Qe3+ 67. Kh5 Qh3+ 68. Kg5 Qh7 69. Rf6+
Ke5 70. Rf5+ Ke4 71. Rf4+ Ke3 72. Rf5 Qg7+ 73. Kh5 Ke4 74. Kh4 Qh6+ 75. Kg3
Qe3+ 76. Kh4 Qh6+ 77. Kg3 Qe3+ 78. Kh4 Qh6+ { Game drawn by repetition }
1/2-1/2

[Event "ICC tourney 2248 (120 10)"]
[Site "Internet Chess Club"]
[Date "2020.12.28"]
[Round "5"]
[White "IveDoneEnough"]
[Black "mutantpenguin"]
[Result "0-1"]
[ICCResult "White resigns"]
[WhiteElo "1645"]
[BlackElo "1377"]
[Opening "French: Steinitz variation"]
[ECO "C11"]
[NIC "FR.04"]
[Time "12:03:47"]
[PlyCount "23"]
[TimeControl "7200+10"]

1. e4 e6 2. d4 d5 3. Nc3 Nf6 4. e5 Nfd7 5. f4 Be7 6. Qg4 O-O 7. f5 exf5 8.
Qxf5 Nf6 9. Qf3 Ne4 10. Nxe4 dxe4 11. Qxe4 f5 12. Bd3 { White resigns } 0-1

[Event "ICC tourney 2248 (120 10)"]
[Site "Internet Chess Club"]
[Date "2020.12.28"]
[Round "5"]
[White "BillietheKid"]
[Black "charismaticl33"]
[Result "1-0"]
[ICCResult "Black resigns"]
[WhiteElo "1451"]
[BlackElo "1603"]
[Opening "Sicilian: dragon, classical, Amsterdam variation"]
[ECO "B72"]
[NIC "SI.15"]
[Time "12:03:47"]
[PlyCount "67"]
[TimeControl "7200+10"]

1. e4 c5 2. Nf3 d6 3. d4 cxd4 4. Nxd4 Nf6 5. Nc3 g6 6. Be2 Bg7 7. Be3 Nc6
8. Qd2 O-O 9. Nb3 Be6 10. Bh6 Bxb3 11. axb3 Rc8 12. Bxg7 Kxg7 13. f3 Qb6
14. Ra4 a6 15. h4 h5 16. g4 Ne5 17. gxh5 Nxh5 18. f4 Ng3 19. Nd5 Qd8 20.
Rg1 Nxe2 21. Kxe2 Nd7 22. h5 e6 23. Ne3 Nf6 24. hxg6 Nxe4 25. Rxe4 d5 26.
gxf7+ Kxf7 27. Re5 Rg8 28. Ng4 Qd7 29. Nh6+ Ke7 30. Nxg8+ Kd8 31. Nf6 Qb5+
32. Kd1 Qb6 33. Rg8+ Ke7 34. Nxd5+ { Black resigns } 1-0

[Event "ICC tourney 2248 (120 10)"]
[Site "Internet Chess Club"]
[Date "2020.12.28"]
[Round "5"]
[White "hi987"]
[Black "local0928"]
[Result "1-0"]
[ICCResult "Black resigns"]
[WhiteElo "1612"]
[BlackElo "1785"]
[Opening "Ruy Lopez: closed, Flohr-Zaitsev system (Lenzerheide variation)"]
[ECO "C92"]
[NIC "RL.26"]
[Time "12:03:15"]
[PlyCount "41"]
[TimeControl "7200+10"]

1. e4 e5 2. Nf3 Nc6 3. Bb5 a6 4. Ba4 Nf6 5. O-O b5 6. Bb3 Be7 7. Re1 d6 8.
c3 O-O 9. h3 Bb7 10. d3 Re8 11. Nbd2 Bf8 12. Nf1 g6 13. Bg5 Bg7 14. Ne3 h6
15. Bh4 Qd7 16. a4 Rf8 17. Qd2 Ne7 18. Bxf6 Bxf6 19. Ng4 Bg7 20. Nxh6+ Bxh6
21. Qxh6 { Black resigns } 1-0

[Event "ICC tourney 2248 (120 10)"]
[Site "Internet Chess Club"]
[Date "2020.12.28"]
[Round "5"]
[White "Abror"]
[Black "playerlucky"]
[Result "1-0"]
[ICCResult "Black resigns"]
[WhiteElo "1635"]
[BlackElo "1802"]
[Opening "French: advance variation"]
[ECO "C02"]
[NIC "FR.03"]
[Time "12:03:02"]
[PlyCount "45"]
[TimeControl "7200+10"]

1. e4 e6 2. d4 d5 3. e5 c5 4. c3 Qb6 5. Nf3 Nc6 6. a3 c4 7. Nbd2 Na5 8. g3
Bd7 9. Bg2 Rc8 10. O-O Ne7 11. Re1 Nec6 12. Nf1 Be7 13. Qc2 Nb3 14. Rb1 h6
15. N3d2 Nca5 16. f4 O-O 17. f5 Ba4 18. Nxb3 Nxb3 19. Qe2 Bc6 20. f6 Bd8
21. Qg4 g5 22. Bxg5 Kh7 23. Qh5 { Black resigns } 1-0

[Event "ICC tourney 2248 (120 10)"]
[Site "Internet Chess Club"]
[Date "2020.12.28"]
[Round "5"]
[White "ab4gm"]
[Black "Ryan123455"]
[Result "0-1"]
[ICCResult "White checkmated"]
[WhiteElo "1047"]
[BlackElo "1646"]
[Opening "Sicilian"]
[ECO "B50"]
[NIC "SI.01"]
[Time "12:03:35"]
[PlyCount "124"]
[TimeControl "7200+10"]

1. e4 c5 2. Nf3 d6 3. Bc4 e6 4. Nc3 a6 5. a4 Nc6 6. d3 b6 7. O-O Nf6 8. Re1
Nd7 9. Bg5 Be7 10. Bxe7 Nxe7 11. e5 d5 12. Ba2 O-O 13. d4 Qc7 14. dxc5 bxc5
15. Ng5 h6 16. Nf3 Rb8 17. Rb1 Ng6 18. Qd3 Ndxe5 19. Nxe5 Nxe5 20. Qg3 f6
21. Ne2 Qf7 22. Nf4 Rb4 23. Nd3 Nxd3 24. Qxd3 Rxa4 25. Qb3 Rb4 26. Qa3 Bb7
27. c3 Rb5 28. c4 Rb4 29. cxd5 exd5 30. Qc3 Rb5 31. Re2 Kh8 32. Rbe1 Qg6
33. Bb1 f5 34. Re6 Qg5 35. Qe5 d4 36. f3 Bxf3 37. g3 Qd2 38. Re2 Qxe2 39.
Qxe2 Bxe2 40. Rxe2 Rfb8 41. Bxf5 Rxb2 42. Re5 c4 43. Rc5 d3 44. Rxc4 d2 45.
Rd4 Rb1+ 46. Bxb1 Rxb1+ 47. Kf2 d1=Q 48. Rxd1 Rxd1 49. Ke2 Rb1 50. Kd2 Rb8
51. Kc2 a5 52. Kc3 a4 53. Kc2 a3 54. Kc3 a2 55. h4 a1=Q+ 56. Kc2 Qa2+ 57.
Kc3 Rb3+ 58. Kc4 Qa4+ 59. Kc5 Rb5+ 60. Kc6 Qa6+ 61. Kc7 Rb7+ 62. Kc8 Qa8# {
White checkmated } 0-1

[Event "ICC tourney 2248 (120 10)"]
[Site "Internet Chess Club"]
[Date "2020.12.28"]
[Round "5"]
[White "NL008"]
[Black "Supersamraat"]
[Result "0-1"]
[ICCResult "White checkmated"]
[WhiteElo "1534"]
[BlackElo "1539"]
[Opening "French: exchange variation"]
[ECO "C01"]
[NIC "FR.01"]
[Time "12:03:30"]
[PlyCount "136"]
[TimeControl "7200+10"]

1. e4 e6 2. d4 d5 3. exd5 exd5 4. Nf3 Nf6 5. Bf4 Bf5 6. Bd3 Bg6 7. O-O Be7
8. Re1 O-O 9. Ne5 Bxd3 10. Qxd3 Nbd7 11. Nd2 c6 12. Ndf3 Ne4 13. Nxd7 Qxd7
14. Ne5 Qd8 15. f3 Nd6 16. Qb3 f6 17. Nd3 b6 18. Nb4 Rc8 19. Nxc6 Rxc6 20.
Qxd5+ Nf7 21. Qxc6 Qxd4+ 22. Be3 Qxb2 23. Qc7 Bb4 24. Reb1 Qc3 25. Qxc3
Bxc3 26. a4 Bxa1 27. Rxa1 Ne5 28. a5 Nc4 29. axb6 Nxe3 30. b7 Kf7 31. Rxa7
Rb8 32. c3 Nc4 33. Kf2 Nd6 34. Ra6 Ke7 35. Ke3 Rxb7 36. Kd4 Nf5+ 37. Ke4
Nh4 38. g3 Ng6 39. Kd5 Rd7+ 40. Kc6 Rd6+ 41. Kb5 Rxa6 42. Kxa6 Kd7 43. Kb7
Ne5 44. f4 Nc4 45. h3 Kd6 46. g4 Kd5 47. Kc7 Ke4 48. f5 h5 49. Kd7 hxg4 50.
hxg4 Kf4 51. Ke6 Kxg4 52. Kd5 Kxf5 53. Kxc4 g5 54. Kd3 g4 55. c4 Ke5 56.
Ke3 f5 57. Kf2 Kd4 58. Kg3 Kxc4 59. Kg2 f4 60. Kf2 Kd3 61. Kg2 Ke2 62. Kh2
f3 63. Kg3 f2 64. Kxg4 f1=Q 65. Kg3 Qf3+ 66. Kh2 Qg4 67. Kh1 Kf2 68. Kh2
Qg2# { White checkmated } 0-1

[Event "ICC tourney 2248 (120 10)"]
[Site "Internet Chess Club"]
[Date "2020.12.28"]
[Round "5"]
[White "gmcarebear999"]
[Black "uzkuzk"]
[Result "1-0"]
[ICCResult "Black resigns"]
[WhiteElo "1752"]
[BlackElo "1809"]
[Opening "Queen's gambit accepted"]
[ECO "D20"]
[NIC "QG.03"]
[Time "12:03:47"]
[PlyCount "51"]
[TimeControl "7200+10"]

1. d4 d5 2. c4 dxc4 3. e3 e6 4. Bxc4 a6 5. Nf3 b5 6. Bd3 Bb7 7. O-O Nf6 8.
Qe2 c5 9. dxc5 Bxc5 10. Bxb5+ Nbd7 11. Bd3 Bxf3 12. gxf3 Ne5 13. Bc2 g5 14.
Nc3 g4 15. fxg4 Nfxg4 16. f3 Nxe3 17. Bxe3 Qg5+ 18. Kf2 Rg8 19. Ba4+ Kd8
20. Bxc5 Qh4+ 21. Ke3 Kc7 22. Ne4 Rad8 23. Qxa6 Qh6+ 24. Ke2 Rg2+ 25. Rf2
Rxf2+ 26. Bxf2 { Black resigns } 1-0

[Event "ICC tourney 2248 (120 10)"]
[Site "Internet Chess Club"]
[Date "2020.12.28"]
[Round "5"]
[White "Legolas08"]
[Black "Niteshc"]
[Result "0-1"]
[ICCResult "White resigns"]
[WhiteElo "1807"]
[BlackElo "1644"]
[Opening "King's Indian: 6.Be2"]
[ECO "E91"]
[NIC "KI.19"]
[Time "12:03:02"]
[PlyCount "68"]
[TimeControl "7200+10"]

1. d4 Nf6 2. c4 g6 3. Nc3 Bg7 4. e4 O-O 5. Nf3 d6 6. Be2 Nbd7 7. Bg5 b6 8.
Nd2 Bb7 9. Be3 e5 10. d5 Ne8 11. b4 f5 12. f3 fxe4 13. Ndxe4 Nef6 14. Ng5
e4 15. Ne6 Qe7 16. Nxf8 Rxf8 17. f4 Nh5 18. Qd2 Qh4+ 19. g3 Nxg3 20. Bf2 e3
21. Qxe3 Qf6 22. Rc1 Nxh1 23. Bg4 Nxf2 24. Qxf2 Ne5 25. Be6+ Kh8 26. Ne4
Qxf4 27. Qxf4 Rxf4 28. Ng5 Nd3+ 29. Kd2 Nxc1 30. Kxc1 Rxc4+ 31. Kd2 Bh6 32.
Kd3 Rxb4 33. Nf7+ Kg7 34. Nd8 Ba6+ { White resigns } 0-1

[Event "ICC tourney 2248 (120 10)"]
[Site "Internet Chess Club"]
[Date "2020.12.28"]
[Round "5"]
[White "ZAPPAWITS"]
[Black "yogokings12"]
[Result "1-0"]
[ICCResult "Black resigns"]
[WhiteElo "1713"]
[BlackElo "1575"]
[Opening "Queen's pawn: London system"]
[ECO "A45"]
[NIC "QP.07"]
[Time "12:02:56"]
[PlyCount "57"]
[TimeControl "7200+10"]

1. d4 Nf6 2. Bf4 g6 3. e3 Bg7 4. Nf3 O-O 5. Be2 d5 6. O-O c5 7. c3 cxd4 8.
exd4 Nc6 9. Nbd2 Nd7 10. Re1 e5 11. dxe5 Ndxe5 12. Bb5 Nxf3+ 13. Nxf3 a6
14. Ba4 b5 15. Bb3 Be6 16. Qd2 Na5 17. Bh6 Nc4 18. Bxc4 dxc4 19. Qf4 Re8
20. Bxg7 Kxg7 21. Rad1 Qf6 22. Qg3 Rad8 23. h3 Bf5 24. Nd4 Bd3 25. Re3 Rxe3
26. Qxe3 Qd6 27. Re1 Qf6 28. Qe7 Qd6 29. Ne6+ { Black resigns } 1-0

[Event "ICC tourney 2248 (120 10)"]
[Site "Internet Chess Club"]
[Date "2020.12.28"]
[Round "5"]
[White "avats"]
[Black "cdj12417489"]
[Result "1-0"]
[ICCResult "Black checkmated"]
[WhiteElo "1589"]
[BlackElo "1268"]
[Opening "Sicilian: Canal-Sokolsky attack, 3...Bd7"]
[ECO "B52"]
[NIC "SI.01"]
[Time "12:03:01"]
[PlyCount "73"]
[TimeControl "7200+10"]

1. e4 c5 2. Nf3 d6 3. Bb5+ Bd7 4. Bxd7+ Nxd7 5. O-O Ngf6 6. Nc3 g6 7. d3
Bg7 8. Be3 O-O 9. h3 Ne5 10. Nxe5 dxe5 11. Bxc5 b6 12. Be3 Qd7 13. Qd2 e6
14. Bh6 Ne8 15. Bxg7 Kxg7 16. Qe3 Qd4 17. Qxd4 exd4 18. Ne2 e5 19. f4 f6
20. fxe5 fxe5 21. Rxf8 Kxf8 22. Rf1+ Ke7 23. c3 Rd8 24. cxd4 exd4 25. Rc1
Kf6 26. Kf2 Ke5 27. Ng1 Rd7 28. Nf3+ Kf6 29. Rc4 Rc7 30. Rxc7 Nxc7 31. Nxd4
Ke5 32. Nf3+ Kf6 33. Ke3 Ne6 34. d4 Nc7 35. d5 Nb5 36. e5+ Kf5 37. g4# {
Black checkmated } 1-0

[Event "ICC tourney 2248 (120 10)"]
[Site "Internet Chess Club"]
[Date "2020.12.28"]
[Round "5"]
[White "prabp"]
[Black "JaredMWeiss"]
[Result "1/2-1/2"]
[ICCResult "White stalemated"]
[WhiteElo "1582"]
[BlackElo "1670"]
[Opening "Queen's pawn"]
[ECO "A40"]
[NIC "QO.17"]
[Time "12:03:04"]
[PlyCount "122"]
[TimeControl "7200+10"]

1. d4 c6 2. Bf4 d5 3. e3 Nf6 4. c3 g6 5. Bd3 Bg7 6. Nd2 O-O 7. Ngf3 Nbd7 8.
h4 h5 9. Qe2 b5 10. Ne5 Qb6 11. Ndf3 Ne4 12. Bxe4 dxe4 13. Nd2 Nxe5 14.
Bxe5 f6 15. Bf4 Bf5 16. Rg1 e5 17. dxe5 fxe5 18. Bg5 Bg4 19. f3 exf3 20.
gxf3 Be6 21. Ne4 Bc4 22. Qd2 Rxf3 23. Nd6 Be6 24. Rf1 Rxf1+ 25. Kxf1 Rf8+
26. Kg2 e4 27. Rf1 Bd5 28. a3 Rxf1 29. Kxf1 Qc7 30. Bf4 Qd7 31. Qg2 Qe6 32.
Kf2 a5 33. Qg5 Qf6 34. Ke1 Qxg5 35. Bxg5 Kh7 36. Kd2 Be5 37. Nb7 a4 38. Nd8
Kg7 39. Nb7 Bf6 40. Bxf6+ Kxf6 41. Ke2 g5 42. hxg5+ Kxg5 43. Kf2 Kg4 44.
Nd6 h4 45. Kg2 h3+ 46. Kf2 h2 47. Kg2 h1=Q+ 48. Kxh1 Kf3 49. Nf5 Ke2 50.
Kg2 Kd2 51. Kf2 Kc2 52. Ke2 Kxb2 53. Kd2 Kxa3 54. Kc2 Bb3+ 55. Kc1 Bc4 56.
Kc2 Bd3+ 57. Kc1 Kb3 58. Nd4+ Kxc3 59. Nxc6 a3 60. Nd4 a2 61. Nc2 Bxc2 {
White stalemated } 1/2-1/2

[Event "ICC tourney 2248 (120 10)"]
[Site "Internet Chess Club"]
[Date "2020.12.28"]
[Round "5"]
[White "muzikmixer"]
[Black "che2468"]
[Result "0-1"]
[ICCResult "White resigns"]
[WhiteElo "1633"]
[BlackElo "1464"]
[Opening "Réti: advance variation"]
[ECO "A09"]
[NIC "RE.14"]
[Time "12:03:02"]
[PlyCount "37"]
[TimeControl "7200+10"]

1. Nf3 d5 2. c4 d4 3. g3 c5 4. Bg2 Nf6 5. O-O Bf5 6. d3 Nc6 7. Qa4 Qb6 8.
Ne5 Rc8 9. b4 e6 10. Bd2 Bd6 11. b5 Bxe5 12. Ba5 Nxa5 13. Nd2 O-O 14. Rfb1
Qc7 15. Nb3 b6 16. Nxa5 bxa5 17. Rb3 Qb6 18. Ra3 Bc7 19. Qb3 { White
resigns } 0-1

[Event "ICC tourney 2248 (120 10)"]
[Site "Internet Chess Club"]
[Date "2020.12.28"]
[Round "5"]
[White "che8642"]
[Black "Nikhilp"]
[Result "1/2-1/2"]
[ICCResult "Game drawn by mutual agreement"]
[WhiteElo "1532"]
[BlackElo "1737"]
[Opening "Queen's pawn game"]
[ECO "A45"]
[NIC "OI.08"]
[Time "12:03:31"]
[PlyCount "98"]
[TimeControl "7200+10"]

1. d4 Nf6 2. Nc3 c5 3. d5 d6 4. e4 g6 5. Bg5 Bg7 6. Qd2 a6 7. a4 O-O 8. Bh6
Qa5 9. f3 Bd7 10. h4 b5 11. Bxg7 Kxg7 12. h5 Rh8 13. b3 bxa4 14. h6+ Kf8
15. Nxa4 Qxd2+ 16. Kxd2 e6 17. Nb6 Ra7 18. Nxd7+ Nbxd7 19. dxe6 fxe6 20.
Rxa6 Rxa6 21. Bxa6 Ke7 22. Ne2 Ra8 23. Bd3 d5 24. exd5 exd5 25. Nf4 Ne5 26.
Re1 Kd6 27. Bb5 c4 28. bxc4 dxc4 29. Kc3 Ra5 30. Bxc4 Rc5 31. Rd1+ Kc6 32.
Rd4 Ng8 33. Ne6 Rxc4+ 34. Rxc4+ Nxc4 35. Kxc4 Nxh6 36. Nf8 Nf5 37. Kd3 Nh4
38. Nxh7 Nxg2 39. Ng5 Kd5 40. c4+ Kc5 41. Ne4+ Kc6 42. Kd4 Nh4 43. Ng5 Nf5+
44. Kd3 Kc5 45. Ne4+ Kb4 46. c5 Kb5 47. f4 Nh4 48. Kd4 Ng2 49. Ke5 Kc6 {
Game drawn by mutual agreement } 1/2-1/2

[Event "ICC tourney 2248 (120 10)"]
[Site "Internet Chess Club"]
[Date "2020.12.28"]
[Round "5"]
[White "chessmaster0981"]
[Black "evg1234567"]
[Result "0-1"]
[ICCResult "White resigns"]
[WhiteElo "1557"]
[BlackElo "1716"]
[Opening "Queen's pawn game, Rubinstein (Colle-Zukertort) variation"]
[ECO "D05"]
[NIC "QP.06"]
[Time "12:03:12"]
[PlyCount "118"]
[TimeControl "7200+10"]

1. d4 Nf6 2. Nf3 d5 3. e3 e6 4. Bd3 c5 5. b3 Nc6 6. Bb2 Bd6 7. O-O O-O 8.
Nbd2 b6 9. a3 Bb7 10. Ne5 Nd7 11. f4 f5 12. Ndf3 Nf6 13. Ng5 Qe7 14. Qe1 h6
15. Ngf3 Bxe5 16. dxe5 Ne4 17. Rd1 Rac8 18. c4 Rfd8 19. Be2 Na5 20. Rd3
dxc4 21. bxc4 Rxd3 22. Bxd3 Rd8 23. Qe2 Qd7 24. Bc2 Nd2 25. Rd1 Nxf3+ 26.
gxf3 Qc7 27. e4 fxe4 28. fxe4 Rxd1+ 29. Bxd1 Qf7 30. Bc1 Qg6+ 31. Kf2 Bxe4
32. Ke1 Bd3 33. Qf2 Nxc4 34. Bf3 Bc2 35. Be2 Na5 36. Qf3 Qe4 37. Qh5 Bd3
38. Kd1 Bxe2+ 39. Qxe2 Qxe2+ 40. Kxe2 Kf7 41. Ke3 Nc6 42. Kd3 a6 43. Kc4
Kg6 44. Bd2 Kf5 45. a4 Nd4 46. h3 Ne2 47. a5 bxa5 48. Bxa5 Nxf4 49. Kxc5
Kxe5 50. Kb6 Kd5 51. Kxa6 Nxh3 52. Bc3 g5 53. Bd2 h5 54. Kb5 g4 55. Be1 Nf4
56. Bg3 Nd3 57. Kb6 e5 58. Kc7 e4 59. Kd7 e3 { White resigns } 0-1